 Dungeon Crawl Stone Soup version 0.28.0-53-g5a82cb258f (webtiles) character file.

Game seed: 2626963439437649665

43 protoss039 the Digger (level 3, -1/27 HPs)
             Began as a Demonspawn Earth Elementalist on June 16, 2022.
             Frozen to death by an endoplasm (4 damage)
             ... on level 2 of the Dungeon.
             The game lasted 00:01:27 (1385 turns).

protoss039 the Digger (DsEE)                        Turns: 1385, Time: 00:01:28

Health: -1/27      AC:  5    Str:  8    XL:     3   Next: 37%
Magic:  1/6        EV: 11    Int: 18    God:
Gold:   51         SH:  0    Dex: 13    Spells: 0/6 levels left

rFire   . . .      SeeInvis .   d - +0 spear
rCold   . . .      Faith    .   (no shield)
rNeg    . . .      Spirit   .   a - +0 leather armour
rPois   .          Reflect  .   (no helmet)
rElec   .          Harm     .   (no cloak)
rCorr   .          Rampage  .   (no gloves)
Will    .....                   (no boots)
Stlth   ++........              (no amulet)
HPRegen 0.09/turn               (no ring)
MPRegen 0.10/turn               (no ring)

@: very slightly contaminated
A: thin metallic scales 1, powered by pain 1
a: no special abilities


You were on level 2 of the Dungeon.
You visited 1 branch of the dungeon, and saw 2 of its levels.

You collected 51 gold pieces.

Inventory:

Hand Weapons
 d - a +0 spear (weapon)
Missiles
 c - 20 stones
Armour
 a - a +0 leather armour (worn)
Scrolls
 b - 2 scrolls of noise {unknown}
 g - a scroll of identify {unknown}
Potions
 e - 2 potions of brilliance {unknown}
 f - a potion of invisibility {unknown}


   Skills:
 * Level 1.7 Fighting
 + Level 1.0 Armour
 - Level 1.7 Dodging
 - Level 1.7 Stealth
 + Level 2.3 Spellcasting
 * Level 0.4 Conjurations
 - Level 1.0 Transmutations
 + Level 2.9 Earth Magic


You couldn't memorise any spells.
You knew the following spells:

 Your Spells              Type           Power      Damage    Failure   Level
a - Sandblast             Erth           24%        2d8       8%          1
b - Passwall              Tmut/Erth      7%         N/A       17%         2
c - Stone Arrow           Conj/Erth      16%        3d8       36%         3

Your spell library contained the following spells:

 Spells                   Type           Power      Damage    Failure   Level
 Blink                    Tloc           4%         N/A       36%         2
 Petrify                  Tmut/Erth      9%         N/A       73%         4
 Manifold Assault         Tloc           2%         N/A       100%        5
 Storm Form               Tmut/Air       1%         N/A       100%        7


Dungeon Overview and Level Annotations

Branches:
Dungeon (2/15)

Altars:


Innate Abilities, Weirdness & Mutations

You are partially covered in thin metallic scales. (AC +2)
You sometimes gain a little power by taking damage.


Message History

Aiming: Sandblast (safe; 8% risk of failure)
Press: ? - help, Shift-Dir - straight line, f/p - dart slug
Aim: a dart slug (heavily wounded, 100% to hit)
The blast of sand hits the dart slug!
You kill the dart slug!
Unknown command.
The endoplasm freezes you.
You are frozen.
You see here a rat corpse.
You hit the endoplasm.
The endoplasm is lightly wounded.
The endoplasm closely misses you.
You hit the endoplasm.
The endoplasm is moderately wounded.
The endoplasm freezes you.
You are frozen.
* * * LOW HITPOINT WARNING * * *
You hit the endoplasm but do no damage.
The endoplasm is moderately wounded.
The endoplasm misses you.
You barely miss the endoplasm.
The endoplasm is moderately wounded.
The endoplasm barely misses you.
The endoplasm hits you but does no damage.
You hit the endoplasm but do no damage.
The endoplasm is moderately wounded.
The endoplasm freezes you.
You are frozen.
* * * LOW HITPOINT WARNING * * *
Casting: Sandblast (safe; 8% risk of failure)
Confirm with . or Enter, or press ? or * to list all spells.
Aiming: Sandblast (safe; 8% risk of failure)
Press: ? - help, Shift-Dir - straight line, f - endoplasm
Aim: an endoplasm (moderately wounded, 98% to hit)
You miscast Sandblast.
You are very lightly contaminated with residual magic.
Nothing appears to happen.
The endoplasm freezes you.
You are frozen.
You die...

#. #.#.# #.# #.#.##
#.# #....######
#.####..#......#
#.........###..#
#..####.### #..#
#..####.# #..#
#.......#####..#
######..#####..@J...#
#.......# #.####..#
#.####<.# #.# #.....#
#..# #.# ..$.####
#..# #. #.##.# ....
..... #P. #..## #...
≈≈.≈ #... #### ≈≈≈.
.### ≈.≈≈


You could see an endoplasm.

Vanquished Creatures
  An adder (D:2)
  2 dart slugs
  3 bats (D:1)
  4 endoplasms (D:1)
  2 goblins (D:1)
  A hobgoblin (D:2)
  4 jackals (D:1)
  A quokka (D:1)
  4 ball pythons (D:1)
  2 frilled lizards (D:1)
  2 kobolds
  2 rats
28 creatures vanquished.

Notes
Turn   | Place    | Note
-------+----------+-------------------------------------------
     0 | D:1      | protoss039 the Demonspawn Earth Elementalist began the
                  | quest for the Orb.
     0 | D:1      | Reached XP level 1. HP: 13/13 MP: 3/3
    28 | D:1      | Reached skill level 1 in Transmutations
   328 | D:1      | Gained mutation: You sometimes gain a little power by
                  | taking damage. [demonic ancestry]
   328 | D:1      | Reached XP level 2. HP: 14/20 MP: 1/5
   329 | D:1      | Reached skill level 1 in Fighting
   954 | D:1      | Found a faded altar of an unknown god.
  1051 | D:1      | Gained mutation: You are partially covered in thin metallic
                  | scales. (AC +2) [demonic ancestry]
  1051 | D:1      | Reached XP level 3. HP: 24/26 MP: 6/6
  1324 | D:2      | Learned a level 2 spell: Passwall
  1328 | D:2      | Learned a level 3 spell: Stone Arrow
  1374 | D:2      | Reached skill level 1 in Armour
  1385 | D:2      | Frozen to death by an endoplasm

Illustrated notes

Levels and vault maps discovered:
D:1:      lightli_arrival_chessboard, layout_basic,
          shapermc_ecumenical_altar_pompeii, minmay_misc_feat_more_columns
D:2:      layout_loops_ring, basic_altar, hangedman_decor_points,
          serial_bayou_pond_b

Skill      XL: |  1  2  3 |
---------------+----------+-----
Transmutations | 1 |  1.0
Fighting       | 1 |  1.7
Armour         | 1 |  1.0
Dodging        | |  1.7
Stealth        | |  1.7
Spellcasting   | |  2.3
Conjurations   | |  0.4
Earth Magic    | |  2.9

Action                   || total
-------------------------++-------
Melee: Spear             ||    82
       Unarmed           ||     5
 Cast: Sandblast         ||    12
 Stab: Sleeping          ||     3
Armor: Robe              ||     6
       Leather armour    ||    23
Dodge: Dodged            ||    67
